 Dungeon Crawl Stone Soup version 0.21.1-1-g345015f (webtiles) character file.

67 kaesh the Ruffian (level 4, -2/45 HPs)
             Began as a Troll Monk on Feb 25, 2018.
             Slain by Crazy Yiuf
             ... wielding a +3 quarterstaff of chaos
              (8 damage)
             ... on level 2 of the Dungeon.
             The game lasted 00:03:36 (1427 turns).

kaesh the Ruffian (Troll Monk)                      Turns: 1427, Time: 00:03:37

Health: -2/45      AC:  6    Str: 20    XL:     4   Next: 0%
Magic:  3/3        EV: 10    Int:  6    God:
Gold:   110        SH:  0    Dex: 12    Spells: 3/3 levels left

rFire    . . .     SeeInvis .     - Unarmed
rCold    . . .     Gourm    +   (no shield)
rNeg     . . .     Faith    .   a - +0 robe
rPois    .         Spirit   .   (helmet restricted)
rElec    .         Reflect  .   h - +0 cloak (curse)
rCorr    .         Harm     .   (gloves unavailable)
MR       .....                  (boots unavailable)
Stlth    +.........             e - amulet of rage
HPRegen  0.55/turn              (no ring)
MPRegen  0.08/turn              (no ring)

@: slowed, drained, very slow
A: large, unfitting armour, claws 3, fast metabolism 3, gourmand, regeneration
1, shaggy fur 1, tough skin 2
a: Evoke Berserk Rage


You were on level 2 of the Dungeon.
You were very full.

You visited 1 branch of the dungeon, and saw 2 of its levels.

You collected 110 gold pieces.

Inventory:

Armour
 a - a +0 robe (worn)
 h - a cursed +0 cloak (worn)
Jewellery
 e - an amulet of rage (around neck)
Scrolls
 j - a scroll of teleportation
Potions
 d - a potion of flight
Comestibles
 b - 7 rations
 c - 7 chunks of flesh


   Skills:
 + Level 3.0(2.7) Fighting
 + Level 3.0(2.7) Dodging
 - Level 1.0(0.6) Stealth
 + Level 3.7(3.3) Unarmed Combat


You had 3 spell levels left.
You didn't know any spells.

Dungeon Overview and Level Annotations

Branches:
Dungeon (2/15)

Altars:
Wu Jian

Annotations:
D:2 Crazy Yiuf


Innate Abilities, Weirdness & Mutations

You are too large for most types of armour.
You have claws for hands.
Your metabolism is lightning-fast.
You like to eat raw meat.
Your natural rate of healing is unusually fast.
You are covered in fur. (AC +1)
You have very tough skin. (AC +2)


Message History

You feel yourself slow down.
You claw Crazy Yiuf!
Crazy Yiuf is almost dead.
Crazy Yiuf says, "Ten!
Key sing stair."
Crazy Yiuf hits you with a quarterstaff of chaos!
You feel drained.
Crazy Yiuf hits you with a quarterstaff of chaos.
* * * LOW HITPOINT WARNING * * *
You barely miss Crazy Yiuf.
Crazy Yiuf is almost dead.
Crazy Yiuf hits you with a quarterstaff of chaos.
* * * LOW HITPOINT WARNING * * *
Crazy Yiuf freezes you.
* * * LOW HITPOINT WARNING * * *
You scratch Crazy Yiuf.
Crazy Yiuf is almost dead.
Crazy Yiuf hits you with a quarterstaff of chaos.
* * * LOW HITPOINT WARNING * * *
You are electrocuted!
You die...

##### #########.... ####♣♣
##### #............ ##....♣♣
♣♣#..)# #########.###
#......♣♣♣♣.'.@g# #########.#..
#.......♣..♣#...# #...........#
#.#....♣.♣♣♣##### #.....###.#)#
#.###♣♣♣♣♣ #####.###.#.# #.#
#.##..... #.######
###########.##..#.#
#......######.#.#..........[#.#
######..........#...#########.#
♣♣♣♣♣♣♣###.####.###...# #..


You could see Crazy Yiuf.

Vanquished Creatures
  Robin (D:2)
  2 oozes (D:2)
  A worm (D:2)
  2 dart slugs
  A leopard gecko (D:2)
  2 giant cockroaches (D:1)
  4 hobgoblins
  A kobold (D:2)
  A quokka (D:2)
  4 bats
  2 frilled lizards (D:2)
  13 goblins
  6 rats
40 creatures vanquished.

Notes
Turn   | Place    | Note
-------+----------+-------------------------------------------
     0 | D:1      | kaesh the Troll Monk began the quest for the Orb.
     0 | D:1      | Reached XP level 1. HP: 22/22 MP: 0/0
   338 | D:1      | Reached XP level 2. HP: 26/29 MP: 1/1
   657 | D:2      | Found an ornate altar of the Wu Jian Council.
   858 | D:2      | Reached XP level 3. HP: 36/36 MP: 2/2
  1182 | D:2      | Noticed Robin
  1195 | D:2      | Killed Robin
  1223 | D:2      | Reached XP level 4. HP: 16/45 MP: 3/3
  1413 | D:2      | Found a runed door.
  1417 | D:2      | Noticed Crazy Yiuf
  1427 | D:2      | Slain by Crazy Yiuf

Skill      XL: |  1  2  3 |
---------------+----------+-----
Fighting       | 3 |  3.0
Dodging        | 3 |  3.0
Stealth        | |  1.0
Unarmed Combat | |  3.7

Action                   |  1- 3 |  4- 6 || total
-------------------------+-------+-------++-------
Melee: Unarmed           |    88 |     7 ||    95
  Use: Scroll            |     4 |       ||     4
       Potion            |     2 |       ||     2
 Stab: Sleeping          |     3 |       ||     3
       Distracted        |     1 |       ||     1
  Eat: Chunk             |    16 |     2 ||    18
Armor: Robe              |    29 |       ||    29
Dodge: Dodged            |    38 |     2 ||    40
